 Dungeon Crawl Stone Soup version 0.29-a0-857-g9b1aa3ac5b (webtiles) character file.

Game seed: 13196076276819711045

781 MisterFreud the Cruncher (level 7, -5/60 HPs)
             Began as a Minotaur Gladiator on July 16, 2022.
             Was an Initiate of Hepliaklqana.
             Slain by a gnoll
             ... wielding a +0 halberd
             ... led by a gnoll sergeant
              (14 damage)
             ... on level 7 of the Dungeon.
             The game lasted 00:06:05 (5162 turns).

MisterFreud the Cruncher (Minotaur Gladiator)       Turns: 5162, Time: 00:06:06

Health: -5/60      AC:  6    Str: 26    XL:     7   Next: 55%
Magic:  6/6        EV: 13    Int:  5    God:    Hepliaklqana [......]
Gold:   67         SH:  0    Dex: 12    Spells: 6/6 levels left

rFire   . . .      SeeInvis +   l - +4 quarterstaff (chaos)
rCold   . . .      Faith    .   (shield currently unavailable)
rNeg    . . .      Spirit   .   t - +0 steam dragon scales
rPois   .          Reflect  .   c - +0 hat
rElec   .          Harm     .   (no cloak)
rCorr   .          Rampage  .   o - +0 pair of gloves
Will    .....                   (no boots)
Stlth   +.........              (no amulet)
HPRegen 0.20/turn               m - +6 ring of strength
MPRegen 0.10/turn               s - ring of see invisible

@: no status effects
A: horns 2, retaliatory headbutt
a: Renounce Religion


You were on level 7 of the Dungeon.
You worshipped Hepliaklqana.
Hepliaklqana was noncommittal.
You visited 2 branches of the dungeon, and saw 8 of its levels.

You collected 217 gold pieces.
You spent 150 gold pieces at shops.

Inventory:

Hand Weapons
 a - a +0 quarterstaff
 l - a +4 quarterstaff of chaos (weapon)
Missiles
 d - 3 throwing nets (quivered)
 e - a javelin
 f - 5 boomerangs
 h - 13 poisoned darts
Armour
 b - a +0 leather armour
 c - a +0 hat (worn)
 o - a +0 pair of gloves (worn)
 t - +0 steam dragon scales (worn)
Jewellery
 m - a +6 ring of strength (left hand)
 p - a ring of magical power
 s - a ring of see invisible (right hand)
Scrolls
 g - 2 scrolls of teleportation
 k - a scroll of summoning
 q - a scroll of blinking
 r - a scroll of noise {unknown}
Potions
 i - a potion of berserk rage
 j - 4 potions of brilliance
 n - 5 potions of curing
 u - a potion of haste


   Skills:
 + Level 4.6 Fighting
 - Level 10.0 Staves
 - Level 2.0 Throwing
 - Level 3.4 Dodging


You had 6 spell levels left.
You didn't know any spells.
Your spell library contained the following spells:

 Spells                   Type           Power      Damage    Failure   Level
 Beastly Appendage        Tmut           0%         N/A       47%         1
 Magic Dart               Conj           0%         1d3       47%         1
 Call Imp                 Summ           0%         N/A       63%         2
 Poisonous Vapours        Pois/Air       0%         N/A       63%         2
 Wereblood                Tmut           0%         N/A       63%         2
 Mephitic Cloud           Conj/Pois/Air  0%         N/A       85%         3
 Spider Form              Tmut/Pois      0%         N/A       85%         3
 Corpse Rot               Necr/Pois/Air  0%         N/A       99%         4


Dungeon Overview and Level Annotations

Branches:
Dungeon (7/15)             Temple (1/1) D:5

Altars:
Ashenzari
Cheibriados
Dithmenos
Gozag
Hepliaklqana
Kikubaaqudgha
Nemelex Xobeh
Okawaru
Qazlal
Ru
Sif Muna
Uskayaw
Vehumet
Wu Jian
Xom
Yredelemnul
Zin
The Shining One

Shops:
D:7 !

Annotations:
D:6 Edmund
Temple 2 transporters


Innate Abilities, Weirdness & Mutations

You have a pair of horns on your head.
You reflexively headbutt those who attack you in melee.


Message History

There are monsters nearby!
You barely miss the gnoll.
The gnoll shouts!
You headbutt the gnoll.
The gnoll is almost dead.
A gnoll comes into view. It is wielding a +0 club.
The gnoll hits you with a +0 spear!
The gnoll sergeant hits you from afar with a +0 spear!
You kill the gnoll!
There is an open door here.
You barely miss the gnoll sergeant. You headbutt the gnoll sergeant!
The gnoll sergeant is heavily wounded.
The gnoll misses you.
The gnoll hits you from afar with a +0 halberd!
The gnoll sergeant hits you but does no damage.
There is an open door, spattered with blood here.
You hit the gnoll sergeant.
The gnoll sergeant suddenly seems more agile.
The gnoll sergeant is severely wounded.
The gnoll sergeant hits you with a +0 spear!
* * * LOW HITPOINT WARNING * * *
You sock the gnoll sergeant! You freeze the gnoll sergeant.
You kill the gnoll sergeant!
The gnoll barely misses you.
Your Fighting skill increases to level 4!
The gnoll closely misses you.
You hit the gnoll.
You feel better.
The gnoll is lightly wounded.
The gnoll closely misses you.
You hit the gnoll.
The gnoll seems to grow stronger.
You headbutt the gnoll.
You kill the gnoll!
The gnoll closely misses you. The gnoll hits you with a +0 halberd!
* * * LOW HITPOINT WARNING * * *
Things that are here:
a +0 club; a gnoll corpse You hit the gnoll.
The gnoll is poisoned.
The gnoll is lightly wounded.
The gnoll hits you with a +0 halberd!
You die...

#..#.#...##############
#.#(..#.........##....#
##..∩..#........)'.g..#
#.#...#..........#....+
#..#.#...........#.g..#
#...#...#####....#....#
#.######...##....#....#
#..........##...##...)#
#######....##@g.##......
#...................
#.....................
#...............##....
#...............# ####
########'##..........
#...##...##.........
#.#.......+.........
###.###.....#........


You could see a gnoll (very poisoned).

Vanquished Creatures
  A fire bat (D:7)
  An ice beast (D:5)
  2 black bears
  A bullfrog (D:7)
  A gnoll sergeant (D:7)
  An orc priest (D:4)
  Crazy Yiuf (D:3)
  2 iguanas
  2 gnolls (D:7)
  5 adders
  A worm (D:2)
  2 dart slugs
  9 orcs
  7 bats
  3 endoplasms
  5 giant cockroaches
  5 goblins
  10 hobgoblins
  2 jackals (D:3)
  3 quokkas
  7 ball pythons
  3 frilled lizards
  8 kobolds
  5 rats
87 creatures vanquished.

Notes
Turn   | Place    | Note
-------+----------+-------------------------------------------
     0 | D:1      | MisterFreud the Minotaur Gladiator began the quest for the
                  | Orb.
     0 | D:1      | Reached XP level 1. HP: 18/18 MP: 0/0
   134 | D:1      | Reached skill level 4 in Staves
   140 | D:1      | Reached XP level 2. HP: 17/25 MP: 1/1
  1100 | D:2      | Reached XP level 3. HP: 23/30 MP: 2/2
  1106 | D:2      | Reached skill level 5 in Staves
  1480 | D:2      | Found an ancient bone altar of Kikubaaqudgha.
  1986 | D:3      | Found a shimmering altar of Xom.
  2068 | D:3      | Reached XP level 4. HP: 37/37 MP: 3/3
  2111 | D:3      | Reached skill level 6 in Staves
  2249 | D:3      | Found a runed translucent door.
  2250 | D:3      | Noticed Crazy Yiuf
  2257 | D:3      | Killed Crazy Yiuf
  2839 | D:4      | Reached XP level 5. HP: 42/42 MP: 4/4
  2942 | D:4      | Reached skill level 7 in Staves
  3382 | D:4      | Noticed a black bear
  3470 | D:4      | Killed a black bear
  3471 | D:4      | Reached skill level 8 in Staves
  3471 | D:4      | Reached XP level 6. HP: 36/50 MP: 5/5
  3861 | D:5      | Entered Level 5 of the Dungeon
  3964 | D:5      | Found a staircase to the Ecumenical Temple.
  3971 | Temple   | Entered the Ecumenical Temple
  3971 | Temple   | Found a transporter.
  3971 | Temple   | Found a transporter.
  3973 | Temple   | Found a transporter.
  3973 | Temple   | Found a transporter.
  4009 | Temple   | Became a worshipper of Hepliaklqana the Forgotten
  4102 | D:5      | Noticed an ice beast
  4122 | D:5      | Killed an ice beast
  4167 | D:6      | Noticed Edmund
  4468 | D:7      | Reached skill level 9 in Staves
  4795 | D:7      | Noticed a steam dragon
  4799 | D:7      | Noticed a fire bat
  4799 | D:7      | a steam dragon changed into a fire bat
  4811 | D:7      | Killed a fire bat
  4812 | D:7      | Reached skill level 10 in Staves
  4812 | D:7      | Reached XP level 7. HP: 7/56 MP: 6/6
  5101 | D:7      | Found Ryuc's Distillery.
  5111 | D:7      | Bought a potion of haste for 150 gold pieces
  5162 | D:7      | Slain by a gnoll

Illustrated notes

Levels and vault maps discovered:
D:1:      erik_arrival_orb_chamber, layout_basic
D:2:      layout_loops_cross, basic_altar
D:3:      layout_rooms, xom_teletrap_fun, uniq_crazy_yiuf_cottage
D:4:      layout_basic, serial_co_window_serial, co_window_of_opportunity_a,
          co_window_paths_a, co_window_of_opportunity_a, co_window_corner_a,
          co_window_of_opportunity_a, co_window_of_opportunity_b,
          co_window_unsneaky_path_c, co_window_unsneaky_path_e,
          co_window_2corner, co_window_2corner, co_window_unsneaky_path_d,
          co_window_paths_c, co_window_4corner_b
D:5:      layout_basic, minmay_temple_entry_junction, minmay_checkerbox
D:6:      layout_loops_ring, bloody_makhleb, elyvilon_altar_4, uniq_edmund
D:7:      minmay_skewed_foursquare, layout_gridville, serial_shops,
          nicolae_diamond_shop
Temple:   hellmonk_temple_divided_pantheon

Skill      XL: |  1  2  3  4  5  6  7 |
---------------+----------------------+-----
Staves         | 4 5 6 8 10 | 10.0
Fighting       | 4 |  4.6
Throwing       | |  2.0
Dodging        | |  3.4

Action                   |  1- 3 |  4- 6 |  7- 9 || total
-------------------------+-------+-------+-------++-------
Melee: Quarterstaff      |   109 |    92 |    16 ||   217
       Headbutt          |    13 |     8 |     3 ||    24
  Use: Scroll            |     7 |     4 |       ||    11
       Potion            |       |     1 |       ||     1
 Stab: Sleeping          |       |     1 |       ||     1
Armor: Leather armour    |    26 |    30 |       ||    56
       Steam dragon scal |       |       |     3 ||     3
Dodge: Dodged            |    63 |    60 |     9 ||   132

Table legend: (Time is in decaauts)
 A = Elapsed time spent in this place.
 B = Non-inter-level travel time spent in this place.
 C = Inter-level travel time spent in this place.
 D = Time resting spent in this place.
 E = Time spent auto-exploring this place.
 F = Levels seen in this place.
 G = Mean time per level.
                   A        B        C        D        E       F      G
               +--------+--------+--------+--------+--------+-----+--------+
         Total |   5158 |   5057 |    101 |    635 |   3723 |   8 |  644.8 |
       Dungeon |   5102 |   5010 |     92 |    635 |   3718 |   7 |  728.9 |
        Temple |     55 |     46 |      9 |      0 |      5 |   1 |   55.0 |
               +--------+--------+--------+--------+--------+-----+--------+

Top non-repeatable levels by time:
     D:4: 1305 daAuts
     D:1: 1095 daAuts
     D:7: 984 daAuts
     D:2: 882 daAuts
     D:3: 582 daAuts
     D:5: 213 daAuts
  Temple: 55 daAuts
     D:6: 38 daAuts
